General information
- name: BNet
- type: Ladder team game (AT/RT)
- host: Battle.net
- saver: TALONSAREIMBA
map: MarketSquare
- players: 8
- length: 34:11
- speed: Fast
- version: 1.24 W3XP
- replay type: Public
» download(212 KB)
Players
team 1 (winner)

»
BRRS_ZAPA (
purple | 60 APM | 2065 actions | 34:10)
7 Dark Ranger
3 Black Arrow
3 Silence
1 Charm
5 Death Knight
3 Death Coil
2 Unholy Aura
1 Archmage
1 Brilliance Aura
» actions
| Assign group hotkey | 96 | |
| Basic commands | 1 | |
| Build / train | 90 | |
| Enter build submenu | 23 | |
| Enter hero's abilities submenu | 14 | |
| Give item / drop item | 1 | |
| Remove unit from queue | 2 | |
| Right click | 871 | |
| Select / deselect | 468 | |
| Select group hotkey | 408 | |
| Use ability | 91 | |
2065 total
» units
| Acolyte | 3 | |
| Ghoul | 2 | |
| Crypt Fiend | 10 | |
| Mortar Team | 16 | |
| Gryphon Rider | 2 | |
| Obsidian Statue | 3 | |
36 total
» upgrades
| Creature Attack | 3 | |
| Creature Carapace | 2 | |
| Web | 1 | |
| Flare | 1 | |
| Fragmentation Shards | 1 | |
| Burrow | 1 | |
| Gunpowder | 3 | |
| Armor | 3 | |
| Masonry | 1 | |
| Destroyer Form | 1 | |
17 total
» buildings
| Crypt | 2 | |
| Ziggurat | 6 | |
| Altar of Darkness | 1 | |
| Graveyard | 2 | |
| Nerubian Tower | 1 | |
| Tomb of Relics | 1 | |
| Blacksmith | 1 | |
| Halls of the Dead | 1 | |
| Workshop | 2 | |
| Black Citadel | 1 | |
| Farm | 3 | |
| Spirit Tower | 3 | |
| Slaughterhouse | 2 | |
26 total
» build order
00:18 Crypt
00:21 Ziggurat
00:45 Altar of Darkness
00:58 Graveyard
01:08 Graveyard
01:45 Ziggurat
01:51 Nerubian Tower
02:41 Crypt
03:51 Tomb of Relics
04:47 Ziggurat
05:22 Blacksmith
05:27 Halls of the Dead
07:32 Ziggurat
07:51 Workshop
07:56 Workshop
08:10 Black Citadel
08:59 Farm
09:27 Farm
12:36 Spirit Tower
12:38 Spirit Tower
13:52 Ziggurat
14:42 Farm
14:55 Spirit Tower
20:14 Slaughterhouse
21:32 Slaughterhouse
22:24 Ziggurat
» items
| Rod of Necromancy | 1 | |
| Dust of Appearance | 2 | |
| Scroll of Town Portal | 4 | |
| Scroll of Protection | 1 | |
| Potion of Lesser Invulnerability | 1 | |
| Potion of Healing | 2 | |
| Orb of Corruption | 2 | |
| Scroll of Healing | 1 | |
14 total

»
TALONSAREIMBA (
yellow | 128 APM | 4392 actions | 34:11)
9 Priestess of the Moon
3 Searing Arrows
3 Trueshot Aura
1 Starfall
2 Scout
1 Death Knight
1 Death Coil
8 Keeper of the Grove
3 Entangling Roots
3 Thorns Aura
1 Tranquility
1 Force of Nature
» actions
| Assign group hotkey | 50 | |
| Basic commands | 208 | |
| Build / train | 126 | |
| ESC pressed | 1 | |
| Enter build submenu | 36 | |
| Enter hero's abilities submenu | 18 | |
| Give item / drop item | 3 | |
| Right click | 1904 | |
| Select / deselect | 1098 | |
| Select group hotkey | 839 | |
| Use ability | 109 | |
4392 total
» units
| Wisp | 24 | |
| Archer | 18 | |
| Acolyte | 4 | |
| Hippogryph | 10 | |
| Frost Wyrm | 4 | |
| Gryphon Rider | 3 | |
63 total
» upgrades
| Improved Bows | 1 | |
| Hippogryph Taming | 1 | |
| Strength of the Moon | 3 | |
| Creature Carapace | 1 | |
| Animal War Training | 1 | |
| Moon Armor | 3 | |
| Swords | 1 | |
| Storm Hammers | 1 | |
| Marksmanship | 1 | |
13 total
» buildings
| Altar of Elders | 1 | |
| Moon Well | 5 | |
| Ancient of War | 3 | |
| Ancient of Wonders | 1 | |
| Nerubian Tower | 1 | |
| Halls of the Dead | 1 | |
| Keep | 1 | |
| Tree of Ages | 1 | |
| Hunter's Hall | 1 | |
| Castle | 1 | |
| Ancient of Wind | 2 | |
| Black Citadel | 1 | |
| Sacrificial Pit | 1 | |
| Ziggurat | 4 | |
| Boneyard | 2 | |
| Ancient Protector | 4 | |
| Spirit Tower | 1 | |
| Gryphon Aviary | 2 | |
| Tree of Eternity | 1 | |
| Tree of Life | 2 | |
| Scout Tower | 7 | |
| Guard Tower | 1 | |
44 total
» build order
00:05 Altar of Elders
00:07 Moon Well
00:25 Ancient of War
01:36 Moon Well
02:09 Ancient of War
02:49 Ancient of Wonders
03:15 Nerubian Tower
03:58 Halls of the Dead
04:06 Keep
04:45 Tree of Ages
05:13 Moon Well
05:15 Hunter's Hall
06:27 Castle
06:58 Moon Well
07:13 Ancient of Wind
07:16 Ancient of Wind
09:24 Black Citadel
09:32 Sacrificial Pit
10:42 Moon Well
12:01 Ziggurat
12:06 Ziggurat
12:14 Ziggurat
12:18 Ziggurat
12:21 Boneyard
12:23 Boneyard
12:37 Ancient of War
12:44 Ancient Protector
12:45 Ancient Protector
12:49 Ancient Protector
13:10 Spirit Tower
13:24 Gryphon Aviary
13:24 Gryphon Aviary
14:33 Tree of Eternity
17:27 Tree of Life
23:16 Scout Tower
23:17 Scout Tower
23:18 Scout Tower
23:19 Scout Tower
23:20 Scout Tower
23:21 Scout Tower
23:23 Scout Tower
23:32 Ancient Protector
24:38 Guard Tower
25:07 Tree of Life
» items
| Dust of Appearance | 3 | |
| Scroll of Town Portal | 9 | |
| Orb of Venom | 1 | |
| Scroll of Healing | 3 | |
| Potion of Mana | 1 | |
| Scroll of Protection | 1 | |
18 total
GodGoFukYoSelf (
orange | 23 APM | 75 actions | 03:12)
» actions
| Build / train | 8 | |
| Enter build submenu | 9 | |
| Right click | 28 | |
| Select / deselect | 19 | |
| Use ability | 11 | |
75 total
» units
» buildings
| Graveyard | 2 | |
| Ziggurat | 1 | |
| Crypt | 3 | |
| Tomb of Relics | 1 | |
| Altar of Darkness | 2 | |
9 total
» build order
00:17 Graveyard
00:22 Graveyard
00:31 Ziggurat
00:58 Crypt
01:15 Tomb of Relics
01:28 Altar of Darkness
01:39 Altar of Darkness
02:49 Crypt
02:55 Crypt
blink360 (
blue | 26 APM | 86 actions | 03:21)
» actions
| Build / train | 15 | |
| Enter build submenu | 12 | |
| Right click | 16 | |
| Select / deselect | 33 | |
| Use ability | 10 | |
86 total
» units
» upgrades
» buildings
| Farm | 7 | |
| Lumber Mill | 1 | |
| Altar of Kings | 1 | |
| Barracks | 1 | |
10 total
» build order
00:14 Farm
00:20 Lumber Mill
00:48 Altar of Kings
00:55 Farm
01:32 Farm
01:54 Farm
02:14 Farm
02:35 Barracks
02:40 Farm
02:52 Farm
team 2 (loser)
yomamaismine (
pink | 50 APM | 1660 actions | 33:25)
6 Blademaster
2 Wind Walk
3 Critical Strike
1 Bladestorm
» actions
| Assign group hotkey | 15 | |
| Basic commands | 2 | |
| Build / train | 79 | |
| Enter build submenu | 34 | |
| Enter hero's abilities submenu | 6 | |
| Give item / drop item | 4 | |
| Remove unit from queue | 4 | |
| Right click | 592 | |
| Select / deselect | 386 | |
| Select group hotkey | 427 | |
| Use ability | 111 | |
1660 total
» units
| Peon | 16 | |
| Raider | 19 | |
| Wind Rider | 6 | |
41 total
» upgrades
| Melee Weapons | 3 | |
| Pillage | 1 | |
| Ensnare | 1 | |
| Reinforced Defenses | 1 | |
| Armor | 2 | |
8 total
» buildings
| Altar of Storms | 1 | |
| Orc Burrow | 8 | |
| Voodoo Lounge | 1 | |
| War Mill | 1 | |
| Stronghold | 2 | |
| Beastiary | 2 | |
| Fortress | 2 | |
| Watch Tower | 13 | |
| Great Hall | 3 | |
33 total
» build order
00:15 Altar of Storms
00:25 Orc Burrow
00:50 Voodoo Lounge
01:38 Orc Burrow
02:59 War Mill
03:37 Stronghold
03:53 Orc Burrow
04:50 Orc Burrow
06:09 Beastiary
06:12 Beastiary
06:49 Orc Burrow
08:17 Fortress
08:34 Orc Burrow
12:48 Orc Burrow
14:19 Watch Tower
14:24 Watch Tower
14:29 Watch Tower
16:35 Great Hall
19:39 Stronghold
20:16 Watch Tower
21:22 Watch Tower
22:55 Great Hall
23:58 Great Hall
25:06 Orc Burrow
28:08 Watch Tower
28:10 Watch Tower
28:12 Watch Tower
30:18 Watch Tower
30:31 Watch Tower
31:00 Watch Tower
31:09 Fortress
32:11 Watch Tower
32:14 Watch Tower
» items
| Healing Salve | 3 | |
| Lesser Clarity Potion | 2 | |
| Scroll of Speed | 2 | |
| Periapt of Vitality | 1 | |
| Circlet of Nobility | 1 | |
| Scroll of Town Portal | 4 | |
| Potion of Healing | 1 | |
| Scroll of Healing | 1 | |
| Potion of Lesser Invulnerability | 1 | |
16 total

»
thane_of_cawdor (
red | 42 APM | 1153 actions | 27:38)
4 Paladin
1 Holy Light
1 Divine Shield
2 Devotion Aura
4 Naga Sea Witch
2 Frost Arrows
2 Forked Lightning
» actions
| Assign group hotkey | 17 | |
| Basic commands | 36 | |
| Build / train | 62 | |
| Enter build submenu | 21 | |
| Enter hero's abilities submenu | 8 | |
| Give item / drop item | 1 | |
| Remove unit from queue | 1 | |
| Right click | 526 | |
| Select / deselect | 266 | |
| Select group hotkey | 171 | |
| Use ability | 44 | |
1153 total
» units
| Peasant | 9 | |
| Rifleman | 11 | |
| Siege Engine | 14 | |
34 total
» upgrades
| Gunpowder | 3 | |
| Long Rifles | 1 | |
| Lumber Harvesting | 2 | |
| Barrage | 1 | |
| Plating | 2 | |
| Armor | 1 | |
10 total
» buildings
| Farm | 12 | |
| Altar of Kings | 1 | |
| Blacksmith | 1 | |
| Barracks | 1 | |
| Arcane Vault | 1 | |
| Keep | 1 | |
| Castle | 1 | |
| Lumber Mill | 1 | |
| Workshop | 2 | |
21 total
» build order
00:09 Farm
00:29 Altar of Kings
01:03 Blacksmith
01:24 Barracks
01:52 Farm
02:02 Arcane Vault
02:09 Farm
03:01 Farm
04:10 Keep
04:55 Farm
05:40 Farm
06:45 Farm
06:46 Castle
07:46 Lumber Mill
07:52 Farm
08:30 Workshop
08:37 Workshop
09:02 Farm
09:47 Farm
11:22 Farm
14:41 Farm
» items
| Scroll of Regeneration | 3 | |
| Potion of Healing | 1 | |
| Scroll of Town Portal | 1 | |
5 total

»
HighElf(InSaNe) (
teal | 52 APM | 1774 actions | 34:09)
6 Blademaster
3 Wind Walk
2 Critical Strike
1 Bladestorm
5 Tauren Chieftain
3 Shockwave
1 Endurance Aura
1 War Stomp
» actions
| Assign group hotkey | 16 | |
| Basic commands | 68 | |
| Build / train | 92 | |
| Enter build submenu | 52 | |
| Enter hero's abilities submenu | 11 | |
| Right click | 924 | |
| Select / deselect | 305 | |
| Select group hotkey | 133 | |
| Use ability | 173 | |
1774 total
» units
| Peon | 15 | |
| Shaman | 11 | |
| Kodo Beast | 3 | |
| Tauren | 3 | |
| Raider | 2 | |
| Wind Rider | 4 | |
38 total
» upgrades
| Spiked Barricades | 3 | |
| Armor | 3 | |
| Shaman Training | 2 | |
| War Drums Damage Increase | 1 | |
| Reinforced Defenses | 1 | |
| Melee Weapons | 3 | |
| Pillage | 1 | |
| Ensnare | 1 | |
| Pulverize | 1 | |
| Envenomed Spears | 1 | |
| Ranged Weapons | 2 | |
19 total
» buildings
| Altar of Storms | 1 | |
| Orc Burrow | 8 | |
| Voodoo Lounge | 1 | |
| War Mill | 1 | |
| Watch Tower | 23 | |
| Stronghold | 1 | |
| Fortress | 1 | |
| Beastiary | 2 | |
| Spirit Lodge | 2 | |
| Tauren Totem | 2 | |
| Great Hall | 2 | |
44 total
» build order
00:15 Altar of Storms
00:20 Orc Burrow
00:26 Voodoo Lounge
01:26 War Mill
02:04 Orc Burrow
02:10 Orc Burrow
02:50 Watch Tower
03:50 Stronghold
04:00 Watch Tower
04:05 Watch Tower
04:11 Watch Tower
04:54 Watch Tower
04:58 Watch Tower
05:04 Watch Tower
05:57 Watch Tower
06:11 Fortress
06:51 Orc Burrow
06:54 Orc Burrow
07:29 Watch Tower
07:35 Watch Tower
08:52 Watch Tower
08:56 Watch Tower
09:40 Beastiary
09:43 Beastiary
09:46 Spirit Lodge
09:54 Spirit Lodge
11:51 Tauren Totem
12:31 Watch Tower
12:56 Tauren Totem
14:29 Watch Tower
14:36 Watch Tower
14:44 Watch Tower
14:49 Watch Tower
14:53 Watch Tower
14:58 Watch Tower
22:17 Great Hall
24:03 Watch Tower
24:10 Watch Tower
24:15 Watch Tower
24:20 Watch Tower
28:20 Orc Burrow
28:21 Orc Burrow
28:27 Orc Burrow
29:25 Great Hall
» items
| Healing Salve | 5 | |
| Lesser Clarity Potion | 7 | |
| Scroll of Speed | 1 | |
| Orb of Lightning | 1 | |
| Boots of Speed | 1 | |
15 total
Master.Tul (
green | 59 APM | 1626 actions | 27:41)
5 Archmage
2 Blizzard
3 Brilliance Aura
5 Naga Sea Witch
2 Forked Lightning
3 Frost Arrows
» actions
| Assign group hotkey | 37 | |
| Basic commands | 279 | |
| Build / train | 137 | |
| Enter build submenu | 17 | |
| Enter hero's abilities submenu | 10 | |
| Give item / drop item | 3 | |
| Remove unit from queue | 4 | |
| Right click | 555 | |
| Select / deselect | 237 | |
| Select group hotkey | 259 | |
| Use ability | 88 | |
1626 total
» units
| Peasant | 15 | |
| Footman | 17 | |
| Knight | 35 | |
67 total
» upgrades
| Swords | 2 | |
| Armor | 1 | |
| Plating | 1 | |
| Animal War Training | 1 | |
| Lumber Harvesting | 1 | |
| Masonry | 1 | |
7 total
» buildings
| Altar of Kings | 1 | |
| Farm | 12 | |
| Barracks | 2 | |
| Lumber Mill | 1 | |
| Arcane Vault | 1 | |
| Keep | 1 | |
| Blacksmith | 1 | |
| Scout Tower | 2 | |
| Castle | 1 | |
| Guard Tower | 2 | |
| Town Hall | 2 | |
26 total
» build order
00:39 Altar of Kings
01:05 Farm
01:10 Barracks
01:22 Lumber Mill
02:26 Farm
02:28 Farm
02:29 Farm
02:31 Farm
02:41 Farm
02:50 Farm
03:23 Arcane Vault
04:52 Keep
05:24 Farm
05:24 Farm
06:16 Blacksmith
06:38 Scout Tower
07:31 Castle
07:36 Barracks
07:40 Guard Tower
07:43 Scout Tower
07:53 Farm
07:55 Farm
07:55 Farm
08:30 Guard Tower
20:06 Town Hall
22:56 Town Hall
» items
| Lesser Clarity Potion | 1 | |
| Scroll of Regeneration | 5 | |
| Mechanical Critter | 1 | |
| Orb of Fire | 6 | |
| Scroll of Town Portal | 8 | |
| Orb of Lightning | 3 | |
| Scroll of Protection | 1 | |
| Potion of Healing | 2 | |
| Healing Salve | 1 | |
28 total
Chat log
(02:27 / Allies) GodGoFukYoSelf: uits purple?
(02:33 / Allies) BRRS_ZAPA: mass fiends
(03:19 / Allies) BRRS_ZAPA: wtf
(03:28 / All) yomamaismine: GTFO NOOBS
(10:22 / All) TALONSAREIMBA: BM USAGE 4/10
(11:25 / Allies) BRRS_ZAPA: green melee
(14:21 / Allies) BRRS_ZAPA: b
(14:51 / Allies) BRRS_ZAPA: hit him w blue
(16:11 / Allies) BRRS_ZAPA: im b
(17:04 / Allies) TALONSAREIMBA: target tanks with morts
(19:47 / All) TALONSAREIMBA: holy shit u guys suck
(19:55 / Allies) BRRS_ZAPA: we sahould hit
(20:00 / Allies) BRRS_ZAPA: if we have an army
(21:42 / Allies) BRRS_ZAPA: main
(22:43 / All) TALONSAREIMBA: Lol u suck
(22:56 / All) TALONSAREIMBA: awful
(23:01 / All) thane_of_cawdor: its my team
(23:14 / All) thane_of_cawdor: like pink and his reaiders
(25:15 / All) TALONSAREIMBA: god damn u suck
(27:27 / All) thane_of_cawdor: lets see how the raiders too
(27:36 / All) thane_of_cawdor: fuck you pink cunt
(27:49 / All) TALONSAREIMBA: good game cunts
(30:04 / Allies) TALONSAREIMBA: need a tp
(30:40 / Allies) BRRS_ZAPA: tp?
(30:44 / Allies) TALONSAREIMBA: yes
(32:46 / Allies) TALONSAREIMBA: run